 Dungeon Crawl Stone Soup version 0.19.3-1-g3169bf9 (webtiles) character file.

102 TuxedoFelix the Covered (level 4, 0/40 HPs)
             Began as a Minotaur Fighter on Jan 26, 2017.
             Slain by Sagrath01's ghost (9 damage)
             ... on level 3 of the Dungeon.
             The game lasted 00:09:40 (1973 turns).

TuxedoFelix the Covered (Minotaur Fighter)          Turns: 1973, Time: 00:09:40

Health: 0/40       AC:  7    Str: 21    XL:     4   Next: 50%
Magic:  3/3        EV:  7    Int:  5    God:
Gold:   109        SH:  9    Dex: 10    Spells: 0 memorised, 3 levels left

rFire  . . .     SeeInvis .     a - +0 long sword
rCold  . . .     Gourm    .     b - +0 scale mail
rNeg   . . .     Faith    .     c - +0 shield
rPois  .         Spirit   .     (helmet restricted)
rElec  .         Reflect  .     (no cloak)
rCorr  .         Harm     .     (no gloves)
MR     .....                    (no boots)
Stlth  ..........               (no amulet)
                                (no ring)
                                (no ring)

@: no status effects
A: retaliatory headbutt, horns 2
a: no special abilities


You were on level 3 of the Dungeon.
You were not hungry.

You visited 1 branch of the dungeon, and saw 3 of its levels.

You collected 109 gold pieces.

Inventory:

Hand Weapons
 a - a +0 long sword (weapon)
 s - a cursed +0 long sword
Armour
 b - a +0 scale mail (worn)
 c - a +0 shield (worn)
Jewellery
 t - a cursed amulet of magic regeneration {unknown}
Wands
 q - a wand of flame (39/48)
Scrolls
 e - 2 scrolls of identify {unknown}
 h - 3 scrolls of teleportation {unknown}
 l - 2 scrolls of enchant weapon {unknown}
 m - a scroll of random uselessness {unknown}
 o - 2 scrolls of remove curse {unknown}
 p - a scroll of magic mapping {unknown}
 u - a scroll of fog {unknown}
Potions
 d - a potion of might
 j - 3 potions of haste {unknown}
 n - 3 potions of heal wounds {unknown}
 r - a potion of lignification {unknown}
Comestibles
 f - 3 bread rations
 g - 10 chunks of flesh
 i - 2 meat rations
 k - a slice of pizza


   Skills:
 + Level 4.3 Fighting
 + Level 3.7 Long Blades
 + Level 4.6 Armour
 + Level 0.4 Dodging
 + Level 4.2 Shields


You had 3 spell levels left.
You didn't know any spells.

Dungeon Overview and Level Annotations

Branches:
Dungeon (2/15)

Altars:
Gozag
Xom
Zin

Shops:
D:3 *

Annotations:
D:3 Sagrath01's ghost, amateur MfIE


Innate Abilities, Weirdness & Mutations

You reflexively headbutt those who attack you in melee.
You have a pair of horns on your head.


Message History

You hit Sagrath01's ghost.
Sagrath01's ghost is severely damaged.
You block Sagrath01's ghost's attack.
Sagrath01's ghost points at you and mumbles some strange words.
You are frozen.
You hit Sagrath01's ghost but do no damage.
Sagrath01's ghost is heavily damaged.
Sagrath01's ghost hits you but does no damage.
You hit Sagrath01's ghost.
Sagrath01's ghost is severely damaged.
Sagrath01's ghost gestures at you while chanting.
You are frozen.
You miss Sagrath01's ghost.
Sagrath01's ghost is severely damaged.
Sagrath01's ghost hits you.
* * * LOW HITPOINT WARNING * * *
You closely miss Sagrath01's ghost. Your headbutt misses Sagrath01's ghost.
Sagrath01's ghost is severely damaged.
Sagrath01's ghost hits you!
You die...

.# .. .# . # .. ## ..# .#
###.. # .# ... .#
.########### ###.####.##
...........# #.@W.......
.# #......####.##.......
.####.......)...##.......
...##......###≈≈≈≈≈≈≈....
....#......###≈.....≈..[.
##............≈.⌠.⌠.≈####
############.≈..∩..≈#
#.≈.⌠.⌠.≈# #.≈.....≈#


You could see Sagrath01's ghost.

Vanquished Creatures
  2 adders
  5 worms
  3 dart slugs (D:1)
  4 orcs (D:3)
  3 bats
  5 giant cockroaches
  12 goblins
  4 hobgoblins
  A quokka (D:2)
  2 ball pythons
  A frilled lizard (D:1)
  9 kobolds
  6 rats
57 creatures vanquished.

Notes
Turn   | Place    | Note
-------+----------+-------------------------------------------
     0 | D:1      | TuxedoFelix the Minotaur Fighter began the quest for the Orb.
     0 | D:1      | Reached XP level 1. HP: 19/19 MP: 0/0
   102 | D:1      | Reached XP level 2. HP: 27/27 MP: 1/1
   393 | D:1      | Reached XP level 3. HP: 33/33 MP: 2/2
  1330 | D:2      | Reached XP level 4. HP: 39/40 MP: 3/3
  1684 | D:2      | Found a glowing silver altar of Zin.
  1717 | D:2      | Found a shimmering altar of Xom.
  1719 | D:2      | Found a shimmering altar of Xom.
  1720 | D:2      | Found a shimmering altar of Xom.
  1721 | D:2      | Found a shimmering altar of Xom.
  1773 | D:2      | You fall through a shaft!
  1869 | D:3      | Found Gozag's Platinum Reserve.
  1871 | D:3      | Found an opulent altar of Gozag.
  1960 | D:3      | Noticed Sagrath01's ghost (amateur MfIE)
  1973 | D:3      | Slain by Sagrath01's ghost

Skill      XL: |  1  2  3 |
---------------+----------+-----
Fighting       | 4 |  4.3
Armour         | 4 |  4.6
Shields        | 4 |  4.2
Long Blades    | 3 |  3.7
Dodging        | |  0.4

Action                   |  1- 3 |  4- 6 || total
-------------------------+-------+-------++-------
Melee: Long sword        |    86 |    50 ||   136
       Headbutt          |    15 |     9 ||    24
  Eat: Chunk             |     1 |     1 ||     2
       Royal jelly       |       |     1 ||     1
Armor: Scale mail        |    29 |    25 ||    54
Dodge: Dodged            |    33 |    21 ||    54
Block: Shield            |    39 |    25 ||    64
       Rpst.: Long sword |     6 |     5 ||    11
